 Dungeon Crawl Stone Soup version 0.29-a0-330-g52719c12eb (webtiles) character file.

Game seed: 5902413365620390608

47 tilp the Magician (level 3, 0/29 HPs)
             Began as a Draconian Hedge Wizard on May 13, 2022.
             Slain by Terence
             ... wielding a +0 mace
              (6 damage)
             ... on level 2 of the Dungeon.
             The game lasted 00:03:15 (2287 turns).

tilp the Magician (Draconian Hedge Wizard)          Turns: 2287, Time: 00:03:15

Health: 0/29       AC:  5    Str: 12    XL:     3   Next: 48%
Magic:  4/7        EV: 12    Int: 16    God:
Gold:   75         SH:  0    Dex: 16    Spells: 4/8 levels left

rFire   . . .      SeeInvis .   a - +0 dagger
rCold   . . .      Faith    .   (no shield)
rNeg    . . .      Spirit   .   (body armour unavailable)
rPois   .          Reflect  .   b - +0 hat
rElec   .          Harm     .   (no cloak)
rCorr   +          Rampage  .   (no gloves)
Will    .....                   (no boots)
Stlth   ++........              (no amulet)
HPRegen 0.09/turn               i - +6 ring of dexterity
MPRegen 0.10/turn               m - ring of resist corrosion

@: no status effects
A: AC +5, unfitting armour, cold-blooded
a: no special abilities


You were on level 2 of the Dungeon.
You visited 1 branch of the dungeon, and saw 2 of its levels.

You collected 75 gold pieces.

Inventory:

Hand Weapons
 a - a +0 dagger (weapon)
Missiles
 d - 20 stones (quivered)
 g - 2 boomerangs
Armour
 b - a +0 hat (worn)
Jewellery
 i - a +6 ring of dexterity (left hand)
 m - a ring of resist corrosion (right hand)
Scrolls
 e - a scroll of amnesia
Potions
 c - a potion of magic
 f - 2 potions of curing
 h - a potion of brilliance {unknown}
 k - 2 potions of ambrosia {unknown}


   Skills:
 + Level 2.2 Fighting
 + Level 0.7 Throwing
 - Level 2.0 Dodging
 - Level 2.0 Stealth
 - Level 3.0 Spellcasting
 + Level 1.4 Conjurations
 * Level 0.4 Hexes
 - Level 1.0 Summonings
 * Level 1.2 Translocations


You had 4 spell levels left.
You knew the following spells:

 Your Spells              Type           Power      Damage    Failure   Level
a - Magic Dart            Conj           28%        1d4       11%         1
b - Slow                  Hex            12%        N/A       16%         1
c - Blink                 Tloc           12%        N/A       17%         2

Your spell library contained the following spells:

 Spells                   Type           Power      Damage    Failure   Level
 Call Imp                 Summ           5%         N/A       19%         2
 Conjure Flame            Conj/Fire      4%         6-21      38%         3
 Mephitic Cloud           Conj/Pois/Air  3%         N/A       43%         3


Dungeon Overview and Level Annotations

Branches:
Dungeon (2/15)

Altars:

Annotations:
D:2 1 runed translucent door, Crazy Yiuf, Terence


Innate Abilities, Weirdness & Mutations

Your plain brown scales are hard. (AC +5)
You cannot fit into any form of body armour.
You are cold-blooded and may be slowed by cold attacks.


Message History

Terence shouts!
Press: ? - help, v - describe, . - travel The floor.
Reduced exclusion size to a single square.
Removed exclusion.
Terence drinks a potion.
Terence seems to speed up.
Terence screams, "I want your blood!"
Casting: Magic Dart (safe; 11% risk of failure)
Confirm with . or Enter, or press ? or * to list all spells.
Aiming: Slow (safe; 16% risk of failure)
Press: ? - help, Shift-Dir - straight line, f - Terence
Aim: Terence, wielding a +0 mace and wearing a +0 chain mail (fast, chance to affect: 46%) Terence resists with some effort.
Terence hits you with a +0 mace!
Unknown command.
Casting: Slow (safe; 16% risk of failure)
Confirm with . or Enter, or press ? or * to list all spells.
Aiming: Slow (safe; 16% risk of failure)
Press: ? - help, Shift-Dir - straight line, f/p - Terence
Aim: Terence, wielding a +0 mace and wearing a +0 chain mail (fast, chance to affect: 46%) Terence seems to slow down.
Terence completely misses you.
Unknown command.
Terence attacks as you move away! Terence barely misses you.
Terence attacks as you move away! Terence hits you with a +0 mace.
Terence attacks as you move away! Terence barely misses you.
Terence is no longer moving slowly.
Terence attacks as you move away! Terence hits you with a +0 mace.
Terence shouts, "Get ready for death!"
Terence hits you with a +0 mace.
* * * LOW HITPOINT WARNING * * *
Casting: Slow (safe; 16% risk of failure)
Confirm with . or Enter, or press ? or * to list all spells.
You blink.
Casting: Blink (safe; 17% risk of failure)
Confirm with . or Enter, or press ? or * to list all spells.
You are still too unstable to blink.
Terence attacks as you move away! Terence hits you with a +0 mace.
* * * LOW HITPOINT WARNING * * *
You feel stable enough to blink again. Terence hits you with a +0 mace.
You die...

..##.....#..#.###.# ##..#####
.###.....#.##.....# #..## # .#
#.....#.##.#.### #.## .#
#.......#..#..# #.# .#
#.....#...###.# ##.# .#
#....$..### #.# #..# #### .#
#.........# #.# #.## #... .#
#.......#.###.# ####.# #..#
.###...#.......@@####....# ##..
.##.........####...##.#### ###
.#.............#.#..#.# ###
.........ยง...#....#.#.# #..
#...........>.........#########..
#.#.........###.###..............
#.##...#...###..# #....#######..#
#.#######......## #......######..
#.# #####..#####<###.......##


You could see Terence (fast).

Vanquished Creatures
  2 dart slugs (D:1)
  3 giant cockroaches (D:1)
  3 goblins
  4 hobgoblins
  4 jackals (D:2)
  8 kobolds
  A quokka (D:1)
  5 ball pythons
  4 bats
  2 frilled lizards
  2 rats
38 creatures vanquished.

Notes
Turn   | Place    | Note
-------+----------+-------------------------------------------
     0 | D:1      | tilp the Draconian Hedge Wizard began the quest for the
                  | Orb.
     0 | D:1      | Reached XP level 1. HP: 14/14 MP: 4/4
   427 | D:1      | Reached skill level 1 in Fighting
   436 | D:1      | Reached XP level 2. HP: 17/23 MP: 1/6
  1301 | D:2      | Reached XP level 3. HP: 29/29 MP: 4/7
  1315 | D:2      | Learned a level 1 spell: Slow
  1318 | D:2      | Learned a level 2 spell: Blink
  1481 | D:2      | Found a faded altar of an unknown god.
  1802 | D:2      | Found a runed translucent door.
  1803 | D:2      | Noticed Crazy Yiuf
  2012 | D:2      | Noticed Terence
  2287 | D:2      | Slain by Terence

Illustrated notes

Levels and vault maps discovered:
D:1:      amcnicky_arrival_flooded_fountain, layout_basic
D:2:      layout_rooms, hellmonk_ecumenical_altar_prayer_group, uniq_terence,
          uniq_crazy_yiuf_cottage

Skill      XL: |  1  2 |
---------------+-------+-----
Stealth        | 2 |  2.0
Dodging        | 2 |  2.0
Fighting       | 1 2 |  2.2
Throwing       | |  0.7
Spellcasting   | |  3.0
Conjurations   | |  1.4
Hexes          | |  0.4
Summonings     | |  1.0
Translocations | |  1.2

Action                   || total
-------------------------++-------
Melee: Dagger            ||    63
       Tailslap          ||     8
       Punch             ||     1
 Cast: Magic Dart        ||    82
       Slow              ||     2
       Blink             ||     1
  Use: Scroll            ||     3
Armor: Skin              ||    31
Dodge: Dodged            ||    69

Table legend: (Time is in decaauts)
 A = Elapsed time spent in this place.
 B = Non-inter-level travel time spent in this place.
 C = Inter-level travel time spent in this place.
 D = Time resting spent in this place.
 E = Time spent auto-exploring this place.
 F = Levels seen in this place.
 G = Mean time per level.
                   A        B        C        D        E       F      G
               +--------+--------+--------+--------+--------+-----+--------+
         Total |   2285 |   2266 |     19 |    169 |   1799 |   2 | 1142.5 |
       Dungeon |   2285 |   2266 |     19 |    169 |   1799 |   2 | 1142.5 |
               +--------+--------+--------+--------+--------+-----+--------+

Top non-repeatable levels by time:
     D:1: 1298 daAuts
     D:2: 987 daAuts
